General information
- name: BNet
- type: Ladder team game (AT/RT)
- host: Battle.net
- saver: Teelo
map: Deadlock
- players: 8
- length: 15:20
- speed: Fast
- version: 1.26 W3XP
- replay type: Public
» download(76 KB)
Players
team 1 (loser)

»
Teelo (
yellow | 33 APM | 506 actions | 15:20)
1 Archmage
1 Blizzard
» actions
| Assign group hotkey | 7 | |
| Basic commands | 46 | |
| Build / train | 15 | |
| ESC pressed | 1 | |
| Enter build submenu | 10 | |
| Enter hero's abilities submenu | 1 | |
| Right click | 292 | |
| Select / deselect | 117 | |
| Select group hotkey | 2 | |
| Use ability | 15 | |
506 total
» units
» buildings
| Farm | 1 | |
| Altar of Kings | 2 | |
| Scout Tower | 3 | |
| Arcane Tower | 3 | |
| Lumber Mill | 1 | |
10 total
» build order
00:37 Farm
00:40 Altar of Kings
01:25 Scout Tower
01:47 Arcane Tower
02:41 Scout Tower
02:42 Scout Tower
03:09 Arcane Tower
03:11 Arcane Tower
04:39 Lumber Mill
08:44 Altar of Kings
» items
| Scroll of Regeneration | 1 | |
| Lesser Clarity Potion | 1 | |
2 total
Adam11 (
blue | 58 APM | 881 actions | 15:04)
4 Blademaster
2 Wind Walk
2 Critical Strike
» actions
| Build / train | 31 | |
| Enter build submenu | 16 | |
| Enter hero's abilities submenu | 4 | |
| Right click | 574 | |
| Select / deselect | 224 | |
| Use ability | 32 | |
881 total
» units
» upgrades
» buildings
| Orc Burrow | 6 | |
| Altar of Storms | 1 | |
| Barracks | 1 | |
| War Mill | 1 | |
| Stronghold | 1 | |
| Voodoo Lounge | 1 | |
| Watch Tower | 2 | |
| Beastiary | 2 | |
| Fortress | 1 | |
16 total
» build order
00:07 Orc Burrow
00:11 Altar of Storms
00:38 Barracks
01:21 War Mill
01:54 Orc Burrow
03:46 Orc Burrow
04:41 Stronghold
04:45 Voodoo Lounge
04:50 Watch Tower
05:32 Watch Tower
06:12 Orc Burrow
06:54 Orc Burrow
07:04 Beastiary
07:56 Beastiary
09:26 Fortress
09:59 Orc Burrow
» items
| Healing Salve | 1 | |
| Orb of Lightning | 1 | |
2 total
NIGHTMAR3. (
teal | 27 APM | 266 actions | 09:45)
1 Blood Mage
1 Flame Strike
» actions
| Basic commands | 15 | |
| Build / train | 12 | |
| Enter build submenu | 3 | |
| Enter hero's abilities submenu | 1 | |
| Right click | 203 | |
| Select / deselect | 21 | |
| Use ability | 11 | |
266 total
» units
» buildings
| Altar of Kings | 1 | |
| Arcane Vault | 1 | |
| Farm | 1 | |
3 total
» build order
00:03 Altar of Kings
00:12 Arcane Vault
00:55 Farm
» items
| Boots of Speed | 1 | |
| Staff of Teleportation | 1 | |
| Circlet of Nobility | 1 | |
3 total

»
dotamaster75 (
purple | 22 APM | 314 actions | 14:29)
2 Tauren Chieftain
1 War Stomp
1 Endurance Aura
» actions
| Assign group hotkey | 4 | |
| Basic commands | 5 | |
| Build / train | 32 | |
| Enter build submenu | 16 | |
| Enter hero's abilities submenu | 2 | |
| Right click | 83 | |
| Select / deselect | 109 | |
| Select group hotkey | 41 | |
| Use ability | 22 | |
314 total
» units
| Peon | 13 | |
| Grunt | 2 | |
| Troll Headhunter/Berserker | 6 | |
21 total
» upgrades
| Spiked Barricades | 2 | |
| Berserker Strength | 1 | |
| Troll Regeneration | 1 | |
| Pillage | 1 | |
| Armor | 2 | |
7 total
» buildings
| Orc Burrow | 5 | |
| Altar of Storms | 1 | |
| Barracks | 1 | |
| Voodoo Lounge | 1 | |
| War Mill | 1 | |
| Watch Tower | 3 | |
| Stronghold | 1 | |
13 total
» build order
00:11 Orc Burrow
00:35 Altar of Storms
01:23 Orc Burrow
01:43 Barracks
02:37 Orc Burrow
02:42 Voodoo Lounge
02:59 War Mill
04:27 Watch Tower
05:31 Stronghold
05:37 Orc Burrow
05:41 Watch Tower
07:00 Orc Burrow
07:10 Watch Tower
team 2 (winner)
LazyNinja (
red | 21 APM | 318 actions | 15:20)
3 Pit Lord
2 Rain of Fire
1 Howl of Terror
1 Pandaren Brewmaster
1 Breath of Fire
» actions
| Build / train | 19 | |
| Enter build submenu | 10 | |
| Enter hero's abilities submenu | 4 | |
| Right click | 139 | |
| Select / deselect | 122 | |
| Use ability | 24 | |
318 total
» units
| Wisp | 5 | |
| Archer | 3 | |
| Mountain Giant | 2 | |
10 total
» upgrades
| Druid of the Talon Training | 1 | |
1 total
» buildings
| Altar of Elders | 1 | |
| Ancient of War | 1 | |
| Moon Well | 3 | |
| Tree of Ages | 1 | |
| Hunter's Hall | 1 | |
| Ancient of Lore | 1 | |
| Ancient of Wind | 1 | |
| Ancient of Wonders | 1 | |
10 total
» build order
00:11 Altar of Elders
01:05 Ancient of War
02:20 Moon Well
03:21 Tree of Ages
05:00 Hunter's Hall
07:24 Moon Well
08:20 Ancient of Lore
08:27 Moon Well
09:27 Ancient of Wind
12:32 Ancient of Wonders
TBlove (
green | 47 APM | 719 actions | 15:20)
3 Dreadlord
1 Sleep
2 Vampiric Aura
3 Death Knight
2 Death Coil
1 Unholy Aura
» actions
| Assign group hotkey | 22 | |
| Build / train | 47 | |
| Enter build submenu | 16 | |
| Enter hero's abilities submenu | 6 | |
| Right click | 240 | |
| Select / deselect | 137 | |
| Select group hotkey | 205 | |
| Use ability | 46 | |
719 total
» units
| Acolyte | 7 | |
| Ghoul | 12 | |
| Necromancer | 6 | |
| Abomination | 1 | |
26 total
» upgrades
| Cannibalize | 1 | |
| Unholy Strength | 2 | |
| Unholy Armor | 3 | |
| Necromancer Training | 2 | |
| Skeletal Longevity | 1 | |
| Skeletal Mastery | 1 | |
10 total
» buildings
| Crypt | 1 | |
| Ziggurat | 8 | |
| Altar of Darkness | 1 | |
| Halls of the Dead | 1 | |
| Graveyard | 1 | |
| Temple of the Damned | 2 | |
| Black Citadel | 1 | |
| Slaughterhouse | 2 | |
17 total
» build order
00:12 Crypt
00:18 Ziggurat
00:42 Altar of Darkness
01:02 Ziggurat
02:01 Ziggurat
02:52 Halls of the Dead
03:20 Ziggurat
04:24 Graveyard
04:29 Ziggurat
06:32 Temple of the Damned
06:42 Temple of the Damned
07:16 Black Citadel
08:21 Ziggurat
11:25 Slaughterhouse
11:34 Slaughterhouse
14:54 Ziggurat
14:56 Ziggurat
» items
4thumbsdown (
pink | 34 APM | 520 actions | 15:20)
4 Mountain King
2 Storm Bolt
2 Bash
3 Paladin
2 Holy Light
1 Divine Shield
2 Archmage
1 Brilliance Aura
1 Summon Water Elemental
» actions
| Assign group hotkey | 12 | |
| Build / train | 46 | |
| Enter build submenu | 19 | |
| Enter hero's abilities submenu | 8 | |
| Give item / drop item | 1 | |
| Right click | 159 | |
| Select / deselect | 115 | |
| Select group hotkey | 125 | |
| Use ability | 35 | |
520 total
» units
| Peasant | 7 | |
| Rifleman | 9 | |
| Siege Engine | 3 | |
19 total
» upgrades
| Gunpowder | 2 | |
| Armor | 2 | |
| Long Rifles | 1 | |
| Lumber Harvesting | 2 | |
| Masonry | 2 | |
| Flare | 1 | |
10 total
» buildings
| Altar of Kings | 1 | |
| Farm | 10 | |
| Barracks | 1 | |
| Lumber Mill | 1 | |
| Blacksmith | 1 | |
| Scout Tower | 1 | |
| Guard Tower | 1 | |
| Keep | 1 | |
| Arcane Vault | 1 | |
| Workshop | 2 | |
| Castle | 1 | |
21 total
» build order
00:15 Altar of Kings
00:21 Farm
01:10 Barracks
01:22 Lumber Mill
02:01 Blacksmith
02:11 Farm
02:15 Scout Tower
03:05 Farm
03:22 Guard Tower
03:52 Farm
04:16 Keep
04:37 Farm
05:20 Arcane Vault
05:28 Farm
05:35 Farm
06:29 Farm
08:21 Workshop
09:39 Castle
10:22 Farm
11:04 Farm
11:45 Workshop
» items
| Boots of Speed | 1 | |
| Scroll of Healing | 1 | |
2 total
JamesPlato (
orange | 17 APM | 253 actions | 15:10)
2 Priestess of the Moon
2 Trueshot Aura
» actions
| Basic commands | 6 | |
| Build / train | 47 | |
| Enter build submenu | 15 | |
| Enter hero's abilities submenu | 2 | |
| Give item / drop item | 1 | |
| Remove unit from queue | 1 | |
| Right click | 86 | |
| Select / deselect | 82 | |
| Use ability | 13 | |
253 total
» units
| Wisp | 15 | |
| Archer | 10 | |
| Chimaera | 3 | |
| Hippogryph | 7 | |
35 total
» upgrades
| Strength of the Wild | 2 | |
| Reinforced Hides | 2 | |
4 total
» buildings
| Altar of Elders | 1 | |
| Moon Well | 5 | |
| Ancient of War | 1 | |
| Tree of Ages | 1 | |
| Tree of Eternity | 1 | |
| Ancient of Wind | 1 | |
| Chimaera Roost | 2 | |
| Hunter's Hall | 1 | |
| Tree of Life | 2 | |
15 total
» build order
00:28 Altar of Elders
00:42 Moon Well
01:20 Ancient of War
01:40 Moon Well
02:33 Tree of Ages
02:50 Moon Well
04:59 Tree of Eternity
05:43 Ancient of Wind
07:36 Chimaera Roost
07:39 Chimaera Roost
07:46 Hunter's Hall
08:47 Moon Well
10:31 Tree of Life
14:05 Tree of Life
14:29 Moon Well
» items
Chat log
(00:15 / All) Teelo: HEY TEAL
(00:16 / Allies) dotamaster75: 'soup
(00:19 / All) Teelo: LETS PLAY A GAME OF WORD ASSOCIATION
(00:23 / All) Teelo: ILL START:
(00:26 / All) Teelo: BACKSTAB
(00:51 / Allies) NIGHTMAR3.: kk
(00:55 / All) dotamaster75: Ima fuck yo shit up niggers lul !!1111
(02:55 / Allies) Adam11: REALLY
(02:57 / Allies) Adam11: WTF
(03:19 / Allies) Adam11: seriously
(03:26 / Allies) Teelo: you didnt notice his build at the start?
(03:32 / Allies) Teelo: pay more attention to your allies
(03:46 / Allies) Teelo: now give me lumber so i can take his mind
(03:48 / Allies) Teelo: mine
(03:49 / Allies) NIGHTMAR3.: your retarded newb i always fast build then harss
(04:17 / Allies) Teelo: oh really
(04:23 / Allies) Teelo: so why did you CTA and tp to my base
(04:38 / Allies) NIGHTMAR3.: cause u said you were tping and u scewed my harss
(04:52 / Allies) Teelo: show me in the chatlogs where I said I was tping
(05:00 / Allies) NIGHTMAR3.: u said bs
(09:09 / Allies) NIGHTMAR3.: wtf r u doing
(09:15 / Allies) dotamaster75: avoiding you
(09:20 / Allies) NIGHTMAR3.: omg
(10:16 / Allies) dotamaster75: Teelo would you like some gold so you can rebuild?
(10:20 / Allies) Teelo: yes please
(10:35 / Allies) dotamaster75: Sorry, I'm fresh out
(10:57 / Allies) dotamaster75: Teelo, I want to play a game...
(11:03 / Allies) Teelo: lol 2k gold
(11:28 / Allies) dotamaster75: Your whole life you have been despised, your parents can't stand the sight of you
(11:30 / Allies) Teelo: lol go back to dota. wow. 6-129. How the hell can you be that bad
(11:36 / Allies) dotamaster75: Now you stoop to this level
(11:46 / Allies) Teelo: you realise that guy attacked me right, right?
(11:52 / Allies) Teelo: so why are you bitching at me
(12:16 / Allies) dotamaster75: where did he attack you?
(12:23 / Allies) dotamaster75: I will watch the replay
(12:28 / Allies) Teelo: he attacked me first, he ported to my base
(12:40 / Allies) Teelo: watch the replay and see who ported first
(12:54 / Allies) dotamaster75: ok, I'll check. He does sound familiar, I think I've seen him tk before
(13:05 / Allies) Teelo: well he has 6-128 lol
(13:09 / Allies) Teelo: so he does it every game
(13:21 / Allies) dotamaster75: is my record better/worse?
(13:47 / Allies) Teelo: sorry, he has no record. That was yours.
(13:56 / Allies) dotamaster75: oh, lul
(14:12 / Allies) Teelo: lol wow
(14:17 / Allies) Teelo: theyre losing a lot of units for 4v1
(14:20 / Allies) dotamaster75: alright then, I'll go watch the replay, I'm pretty sure it was him tk'ing
(14:53 / All) Adam11: my teams sucked they killed each other so fuck this
(15:03 / All) Teelo: hey teal started it
(15:10 / All) Teelo: lol guess he didnt want his win